 Dungeon Crawl Stone Soup version 0.29.1-2-gbd0b4ee654 (webtiles) character file.

Game seed: 5268550227936579073

93 cdecastro the Firebug (level 4, -4/35 HPs)
             Began as a Mummy Cinder Acolyte on Nov 10, 2022.
             Was a High Priest of Ignis.
             Slain by a centaur
             ... wielding a +0 short sword
              (5 damage)
             ... on level 4 of the Dungeon.
             The game lasted 00:03:55 (2925 turns).

cdecastro the Firebug (Mummy Cinder Acolyte)        Turns: 2925, Time: 00:03:55

Health: -4/35      AC:  8    Str: 17    XL:     4   Next: 36%
Magic:  0/6        EV: 11    Int: 11    God:    Ignis [*****.]
Gold:   144        SH:  0    Dex: 11    Spells: 3/5 levels left

rFire   + . .      SeeInvis .   o - +6 whip of Pigiet {vorpal, rF+ Int-4 Dex+4 Stlth+}
rCold   + . .      Faith    .   (no shield)
rNeg    + + +      Spirit   .   b - +0 robe
rPois   ∞          Reflect  .   (no helmet)
rElec   .          Harm     .   e - +0 cloak
rCorr   .          Rampage  .   n - +0 pair of gloves
Will    +....                   (no boots)
Stlth   ++........              (no amulet)
HPRegen 0.11/turn               d - ring of willpower
MPRegen 0.10/turn               i - +4 ring of protection

@: no status effects
A: cold resistance 1, negative energy resistance 3, torment resistance 2, heat
vulnerability 1, in touch with death 1, no potions
a: Renounce Religion, Fiery Armour, Foxfire Swarm, Rising Flame


You were on level 4 of the Dungeon.
You worshipped Ignis.
Ignis was extremely pleased with you.
You visited 1 branch of the dungeon, and saw 4 of its levels.

You collected 144 gold pieces.

Inventory:

Hand Weapons
 a - a -1 spear of flaming
 o - the +6 whip of Pigiet (weapon) {vorpal, rF+ Int-4 Dex+4 Stlth+}
   (You found it on level 2 of the Dungeon)

   It inflicts extra damage upon your enemies.
   Int:       It affects your intelligence (-4).
   Dex:       It affects your dexterity (+4).
   rF:        It protects you from fire.
   Stlth:     It makes you more stealthy.
Missiles
 c - 6 boomerangs of dispersal
 h - 30 stones
 s - 3 poisoned darts
Armour
 b - a +0 robe (worn)
 e - a +0 cloak (worn)
 n - a +0 pair of gloves (worn)
Magical Staves
 q - a staff of poison
Jewellery
 d - a ring of willpower (left hand)
 i - a +4 ring of protection (right hand)
 p - a ring of protection from cold
Scrolls
 f - a scroll of enchant weapon {unknown}
 g - a scroll of poison {unknown}
 j - 3 scrolls of identify {unknown}
 k - a scroll of amnesia {unknown}
 l - a scroll of noise {unknown}
 m - a scroll of summoning {unknown}
 r - a scroll of teleportation {unknown}


   Skills:
 - Level 3.0 Fighting
 - Level 2.4 Polearms
 - Level 1.3 Spellcasting
 + Level 4.3 Fire Magic


You had 3 spell levels left.
You knew the following spells:

 Your Spells              Type           Power      Damage    Failure   Level
a - Scorch                Fire           20%        2d6       8%          2

Your spell library contained the following spells:

 Spells                   Type           Power      Damage    Failure   Level


Dungeon Overview and Level Annotations

Branches:
Dungeon (4/15)
 Temple: D:4-7

Altars:


Innate Abilities, Weirdness & Mutations

You are immune to poison.
Your flesh is cold resistant. (rC+)
You are immune to negative energy. (rN+++)
You are immune to unholy pain and torment.
You are vulnerable to heat. (rF-)
You are in touch with the powers of death.
You do not drink.


Message History

The arrow hits you but does no damage.
The centaur unwields a +0 shortbow.
The centaur wields a +0 short sword.
The centaur hits you with a +0 short sword.
The centaur kicks you but does no damage.
There is a broken door here.
Unknown command.
Casting: Scorch (safe; 8% risk of failure)
Press: ? - help, Q - select action, (/) - cycle Dir - look around, f - activate Flames lash the centaur.
The centaur is lightly wounded.
The centaur's fire resistance burns away.
The centaur hits you but does no damage.
The centaur kicks you but does no damage.
Casting: Scorch (safe; 8% risk of failure)
Press: ? - help, Q - select action, (/) - cycle Dir - look around, f - activate Flames lash the centaur.
The centaur is burned terribly!
The centaur is moderately wounded.
The centaur hits you with a +0 short sword!
The centaur kicks you but does no damage.
An endoplasm comes into view.
The centaur hits you with a +0 short sword.
* * * LOW HITPOINT WARNING * * *
The centaur closely misses you.
Casting: Scorch (safe; 8% risk of failure)
Press: ? - help, Q - select action, (/) - cycle Dir - look around, f - activate Flames lash the centaur.
The centaur is burned terribly!
The centaur is almost dead.
The centaur hits you with a +0 short sword!
* * * LOW HITPOINT WARNING * * *
The centaur closely misses you.
You don't have enough magic to cast this spell.
The centaur hits you with a +0 short sword.
* * * LOW HITPOINT WARNING * * *
The centaur closely misses you. x2
The centaur kicks you but does no damage.
Unknown command.
You barely miss the centaur.
The centaur is almost dead.
The centaur hits you with a +0 short sword.
You die...

########## .........#
#.######.# #.# #.#
##### #.# #.# ....#
#.# #.# ....#
#.######.########:...#
.............)..@>...#
#.######.#####.##c...#
#.######.#####.......#
#.##............#.#'##
...#.###........#.#J#
................#.# .
..##.#########.##.. .
..# .# #.# .# .. ..# #


You could see a centaur (combustible) and an endoplasm.

Vanquished Creatures
  2 adders (D:3)
  3 worms
  2 dart slugs
  An orc (D:3)
  9 bats
  2 endoplasms (D:3)
  5 giant cockroaches
  4 goblins
  5 hobgoblins
  2 quokkas (D:1)
  6 ball pythons
  2 frilled lizards
  11 kobolds
  6 rats (D:1)
60 creatures vanquished.

Notes
Turn   | Place    | Note
-------+----------+-------------------------------------------
     0 | D:1      | cdecastro the Mummy Cinder Acolyte began the quest for the
                  | Orb.
     0 | D:1      | Reached XP level 1. HP: 18/18 MP: 2/2
   207 | D:1      | Reached XP level 2. HP: 19/24 MP: 4/4
   209 | D:1      | Reached skill level 3 in Fire Magic
   682 | D:1      | Learned a level 2 spell: Scorch
  1080 | D:2      | Gained mutation: You are in touch with the powers of death.
                  | [Mummy growth]
  1080 | D:2      | Reached XP level 3. HP: 29/29 MP: 5/5
  1498 | D:2      | Identified the +6 whip of Pigiet {vorpal, rF+ Int-4 Dex+4
                  | Stlth+}
  1862 | D:3      | Reached skill level 4 in Fire Magic
  2142 | D:3      | Reached XP level 4. HP: 35/35 MP: 6/6
  2776 | D:4      | Noticed a centaur
  2924 | D:4      | HP: 1/35 [centaur/+0 short sword (6)]
  2925 | D:4      | Slain by a centaur

Illustrated notes

Levels and vault maps discovered:
D:1:      ncdulo_smallfort, layout_basic, chequers_arboretum,
          corexii_hall_statues_x
D:2:      layout_basic
D:3:      layout_basic
D:4:      layout_basic, okawaru_gym_becter

Skill      XL: |  1  2  3 |
---------------+----------+-----
Fire Magic     | 3 4 |  4.3
Fighting       | |  3.0
Polearms       | |  2.4
Spellcasting   | |  1.3

Action                   |  1- 3 |  4- 6 || total
-------------------------+-------+-------++-------
Melee: Spear             |   112 |       ||   112
       Punch             |     1 |       ||     1
       Whip              |    26 |    20 ||    46
Throw: Stone             |       |     1 ||     1
 Cast: Scorch            |     3 |     6 ||     9
 Stab: Sleeping          |     2 |     1 ||     3
Armor: Robe              |    31 |    17 ||    48
Dodge: Dodged            |    72 |    25 ||    97
